 Dungeon Crawl Stone Soup version 0.27.1-33-g824d729ab1 (webtiles) character file.

Game seed: 7528699176168039670

541 jlumianski the Ducker (level 7, -1/60 HPs)
             Began as a Gnoll Monk on Dec 24, 2021.
             Killed by divine providence
             ... invoked by an orc priest
              (12 damage)
             ... on level 4 of the Dungeon.
             The game lasted 00:18:07 (4966 turns).

jlumianski the Ducker (Gnoll Monk)                  Turns: 4966, Time: 00:18:08

Health: -1/60      AC:  7    Str: 12    XL:     7   Next: 26%
Magic:  10/10      EV: 19    Int:  9    God:
Gold:   241        SH:  0    Dex: 15    Spells: 10/10 levels left

rFire    . . .     SeeInvis +   j - +0 war axe
rCold    . . .     Faith    .   (no shield)
rNeg     . . .     Spirit   .   h - +1 leather armour
rPois    +         Reflect  .   z - +2 helmet {SInv}
rElec    .         Harm     .   (no cloak)
rCorr    .         Rampage  .   (no gloves)
Will     .....                  (no boots)
Stlth    +++.......             (no amulet)
HPRegen  0.20/turn              v - +4 ring of evasion
MPRegen  0.12/turn              x - ring of poison resistance

@: very slightly contaminated, invisible
A: fangs 1, strong nose, distributed training
a: no special abilities


You were on level 4 of the Dungeon.
You visited 1 branch of the dungeon, and saw 5 of its levels.

You collected 241 gold pieces.

Inventory:

Hand Weapons
 a - a +0 hand axe
 g - a +0 hunting sling
 j - a +0 war axe (weapon)
 l - a +0 hunting sling
 D - a +1 flail of protection
Missiles
 c - 67 stones
 e - 16 boomerangs (quivered)
 k - 70 sling bullets
 m - 20 bolts
 r - a throwing net
 u - 3 javelins
Armour
 b - a +0 robe
 h - a +1 leather armour (worn)
 z - a +2 helmet of see invisible (worn)
Magical Staves
 t - a staff of earth
Jewellery
 o - a ring of protection from cold
 v - a +4 ring of evasion (left hand)
 x - a ring of poison resistance (right hand)
 y - a +6 ring of dexterity
Wands
 q - a wand of acid (6)
 s - a wand of mindburst (2)
 C - a wand of iceblast (9)
Scrolls
 d - a scroll of silence
 f - 5 scrolls of noise
 i - a scroll of enchant armour
Potions
 n - 2 potions of lignification {unknown}
 p - a potion of curing
 A - a potion of heal wounds {unknown}
 B - a potion of haste {unknown}
 E - a potion of degeneration {unknown}


   Skills:
 + Level 7.0 Fighting
 + Level 2.3 Short Blades
 + Level 2.3 Long Blades
 + Level 7.0 Axes
 + Level 2.3 Maces & Flails
 + Level 2.3 Polearms
 + Level 2.3 Staves
 + Level 2.3 Slings
 + Level 2.3 Bows
 + Level 2.3 Crossbows
 + Level 2.3 Throwing
 + Level 2.3 Armour
 + Level 7.0 Dodging
 + Level 4.8 Stealth
 + Level 2.3 Shields
 + Level 2.3 Unarmed Combat
 + Level 2.3 Spellcasting
 + Level 1.9 Conjurations
 + Level 1.9 Hexes
 + Level 1.9 Summonings
 + Level 1.9 Necromancy
 + Level 1.9 Translocations
 + Level 1.9 Transmutations
 + Level 1.9 Fire Magic
 + Level 1.9 Ice Magic
 + Level 1.9 Air Magic
 + Level 1.9 Earth Magic
 + Level 1.9 Poison Magic
 + Level 2.6 Invocations
 + Level 2.3 Evocations


You had 10 spell levels left.
You didn't know any spells.
Your spell library was empty.

Dungeon Overview and Level Annotations

Branches:
Dungeon (5/15)
 Temple: D:4-7

Altars:
Gozag


Innate Abilities, Weirdness & Mutations

You have very sharp teeth.
Your uncanny sense of smell can sniff out nearby items.
Your experience applies equally to all skills.


Message History

You completely miss the orc. The orc misses you.
You hit the orc but do no damage. The orc hits you but does no damage.
You barely miss the orc. Your bite misses the orc. The orc closely misses you.
The orc misses you.
You hit the orc.
The orc is moderately wounded.
The orc closely misses you.
You slash the orc!
You kill the orc!
You hit the orc priest but do no damage.
The orc priest miscasts a cantrip.
You barely miss the orc priest.
The orc priest invokes the aid of Beogh against you.
Beogh smites you! The orc priest completely misses you.
You barely miss the orc priest.
You bite the orc priest, but do no damage.
The orc priest hits you but does no damage.
You hit the orc priest.
The orc priest is heavily wounded.
The orc priest hits you with a +0 flail!
* * * LOW HITPOINT WARNING * * *
You hit the orc priest.
The orc priest is severely wounded.
The orc priest closely misses you.
The orc priest hits you with a +0 flail.
* * * LOW HITPOINT WARNING * * *
You feel better.
The orc priest calls upon Beogh to heal the orc priest.
The orc priest is healed somewhat.
The orc priest hits you with a +0 flail!
* * * LOW HITPOINT WARNING * * *
You fade into invisibility!
The orc priest closely misses you.
You are very lightly contaminated with residual magic.
The orc priest calls down the wrath of Beogh upon something.
Pain shoots through your body!
* * * LOW HITPOINT WARNING * * *
The orc priest calls down the wrath of Beogh upon you.
Beogh smites you!
You die...

...<...........##.##
..##....†)†...###.#
...##........## #.#
.........#.### ##.#
........##.# #..#
...##......#* #..###
[..#..#.....####....#####
...#.###.........##o.o..#
.....#*##.#...#>@...###.#
.......,*........#..###.###
...####,,......#....#.....#
...# **,.........###.#o###
####** *,########..##.._..#
,,,,,***,* ##..###.#.#
,_,,,,,,,* #..#.....#
,,,,,***** #..###.###
****** #.oo....#


You could see 2 orc priests.

Vanquished Creatures
  A steam dragon (D:4)
  A bullfrog (D:3)
  A water moccasin skeleton (D:4)
  An orc priest (D:3)
  A bullfrog skeleton (D:4)
  A gnoll shaman (D:3)
  5 gnolls
  4 adders
  An adder skeleton (D:4)
  3 worms
  A dart slug (D:4)
  14 orcs
  10 endoplasms
  4 giant cockroaches
  7 goblins
  11 hobgoblins
  6 jackals
  6 kobolds
  3 quokkas
  5 ball pythons
  7 bats
  6 frilled lizards
  7 rats
106 creatures vanquished.

Vanquished Creatures (others)
  A goblin (D:4)
  A ball python (D:4)
2 creatures vanquished.

Grand Total: 108 creatures vanquished

Notes
Turn   | Place    | Note
-------+----------+-------------------------------------------
     0 | D:1      | jlumianski the Gnoll Monk began the quest for the Orb.
     0 | D:1      | Reached XP level 1. HP: 23/23 MP: 1/1
   364 | D:1      | Reached XP level 2. HP: 29/29 MP: 2/2
   741 | D:1      | Found a faded altar of an unknown god.
   950 | D:1      | Reached XP level 3. HP: 35/35 MP: 3/3
  1530 | D:2      | Reached skill level 1 in Invocations
  1961 | D:2      | Reached skill level 1 in Short Blades
  1961 | D:2      | Reached skill level 1 in Long Blades
  1961 | D:2      | Reached skill level 1 in Maces & Flails
  1961 | D:2      | Reached skill level 1 in Polearms
  1961 | D:2      | Reached skill level 1 in Staves
  1961 | D:2      | Reached skill level 1 in Slings
  1961 | D:2      | Reached skill level 1 in Bows
  1961 | D:2      | Reached skill level 1 in Crossbows
  1961 | D:2      | Reached skill level 1 in Throwing
  1961 | D:2      | Reached skill level 1 in Armour
  1961 | D:2      | Reached skill level 1 in Shields
  1961 | D:2      | Reached skill level 1 in Unarmed Combat
  1961 | D:2      | Reached skill level 1 in Spellcasting
  1961 | D:2      | Reached skill level 1 in Evocations
  2212 | D:1      | Reached XP level 4. HP: 36/41 MP: 5/5
  2532 | D:2      | Reached skill level 1 in Conjurations
  2532 | D:2      | Reached skill level 1 in Hexes
  2532 | D:2      | Reached skill level 1 in Summonings
  2532 | D:2      | Reached skill level 1 in Necromancy
  2532 | D:2      | Reached skill level 1 in Translocations
  2532 | D:2      | Reached skill level 1 in Transmutations
  2532 | D:2      | Reached skill level 1 in Fire Magic
  2532 | D:2      | Reached skill level 1 in Ice Magic
  2532 | D:2      | Reached skill level 1 in Air Magic
  2532 | D:2      | Reached skill level 1 in Earth Magic
  2532 | D:2      | Reached skill level 1 in Poison Magic
  2923 | D:3      | Reached XP level 5. HP: 33/47 MP: 6/6
  3152 | D:3      | Reached XP level 6. HP: 23/53 MP: 8/8
  4089 | D:4      | Noticed a steam dragon
  4248 | D:5      | Entered Level 5 of the Dungeon
  4359 | D:4      | Killed a steam dragon
  4360 | D:4      | Reached XP level 7. HP: 11/59 MP: 10/10
  4907 | D:4      | Found an opulent altar of Gozag.
  4966 | D:4      | Killed from afar by an orc priest

Illustrated notes

Levels and vault maps discovered:
D:1:      dpeg_arrival_three_same_balls, layout_basic,
          ebering_ecumenical_altar_hall
D:2:      minmay_recursive_quarters, layout_basic
D:3:      minmay_chambers_of_threes, layout_loops_ring
D:4:      layout_rooms, trog_book,
          nicolae_gozag_cash_rules_everything_around_me,
          hangedman_decor_riveting
D:5:      layout_gridville, slow_altar_1, gammafunk_ghost_mausoleum,
          serial_bayou_ford_a, cheibrodos_gnoll_hut

Skill      XL: |  1  2  3  4  5  6  7 |
---------------+----------------------+-----
Invocations    | 1 2 |  2.6
Short Blades   | 1 2 |  2.3
Long Blades    | 1 2 |  2.3
Maces & Flails | 1 2 |  2.3
Polearms       | 1 2 |  2.3
Staves         | 1 2 |  2.3
Slings         | 1 2 |  2.3
Bows           | 1 2 |  2.3
Crossbows      | 1 2 |  2.3
Throwing       | 1 2 |  2.3
Armour         | 1 2 |  2.3
Shields        | 1 2 |  2.3
Unarmed Combat | 1 2 |  2.3
Spellcasting   | 1 2 |  2.3
Evocations     | 1 2 |  2.3
Conjurations   | 1 |  1.9
Hexes          | 1 |  1.9
Summonings     | 1 |  1.9
Necromancy     | 1 |  1.9
Translocations | 1 |  1.9
Transmutations | 1 |  1.9
Fire Magic     | 1 |  1.9
Ice Magic      | 1 |  1.9
Air Magic      | 1 |  1.9
Earth Magic    | 1 |  1.9
Poison Magic   | 1 |  1.9
Fighting       | 7 |  7.0
Axes           | 7 |  7.0
Dodging        | 7 |  7.0
Stealth        | |  4.8

Action                   |  1- 3 |  4- 6 |  7- 9 || total
-------------------------+-------+-------+-------++-------
Melee: Hand axe          |    74 |       |       ||    74
       Bite              |     3 |    12 |     1 ||    16
       War axe           |    44 |   177 |    33 ||   254
Throw: Boomerang         |       |     6 |       ||     6
       Stone             |       |     1 |       ||     1
Evoke: Wand              |       |     2 |       ||     2
  Use: Scroll            |       |     6 |       ||     6
       Potion            |       |     1 |     2 ||     3
 Stab: Sleeping          |     5 |     3 |       ||     8
       Distracted        |     1 |       |       ||     1
Armor: Robe              |     8 |       |       ||     8
       Leather armour    |    12 |    33 |     4 ||    49
Dodge: Dodged            |    82 |   165 |    37 ||   284
